 Dungeon Crawl Stone Soup version 0.26-a0-665-gefeb406119 (console) character file.

Game seed: 9988304469296359481

130 om the Firebug (level 5, -2/28 HPs)
             Began as a Gargoyle Fire Elementalist on Oct 13, 2020.
             Slain by a gnoll
             ... wielding a +1 halberd of protection
              (10 damage)
             ... on level 2 of the Dungeon.
             The game lasted 00:06:02 (3235 turns).

om the Firebug (Gargoyle Fire Elementalist)         Turns: 3235, Time: 00:06:03

Health: -2/28      AC:  6    Str: 12    XL:     5   Next: 13%
Magic:  0/8        EV: 12    Int: 16    God:
Gold:   97         SH:  0    Dex: 10    Spells: 7/8 levels left

rFire    . . .     SeeInvis .   c - +0 club
rCold    . . .     Faith    .   (no shield)
rNeg     + . .     Spirit   .   a - +0 robe
rPois    ∞         Reflect  .   (no helmet)
rElec    +         Harm     .   (no cloak)
rCorr    .         Rampage  .   (no gloves)
MR       .....                  (no boots)
Stlth    ++........             (no amulet)
HPRegen  0.09/turn              (no ring)
MPRegen  0.11/turn              (no ring)

@: no status effects
A: negative energy resistance 1, electricity resistance, unbreathing,
petrification resistance, rot immunity, AC +4
a: no special abilities


You were on level 2 of the Dungeon.
You visited 1 branch of the dungeon, and saw 2 of its levels.

You collected 97 gold pieces.

Inventory:

Hand Weapons
 c - a +0 club (weapon)
Armour
 a - a +0 robe (worn)
Jewellery
 h - an uncursed ring of ice {unknown}
Scrolls
 d - 2 scrolls of remove curse {unknown}
 f - a scroll of fear {unknown}
 k - 2 scrolls of identify {unknown}
 l - a scroll of teleportation {unknown}
Potions
 b - a potion of curing {unknown}
 e - 2 potions of flight {unknown}
 g - a potion of cancellation {unknown}
 i - a potion of mutation {unknown}
 j - a potion of brilliance {unknown}
 m - a potion of lignification {unknown}


   Skills:
 - Level 1.5 Dodging
 - Level 2.1 Stealth
 - Level 2.0 Spellcasting
 * Level 3.7 Conjurations
 * Level 4.5 Fire Magic


You had 7 spell levels left.
You knew the following spells:

 Your Spells              Type           Power        Failure   Level
a - Foxfire               Conj/Fire      ##..         3%          1

Your spell library contained the following spells:

 Spells                   Type           Power        Failure   Level
 Conjure Flame            Conj/Fire      ##......     12%         3
 Inner Flame              Hex/Fire       #.......     24%         3
 Sticky Flame             Conj/Fire      ##......     36%         4
 Fireball                 Conj/Fire      ##........   71%         5


Dungeon Overview and Level Annotations

Branches:
Dungeon (2/15)

Altars:
Ru
The Shining One


Innate Abilities, Weirdness & Mutations

You are resistant to torment.
Your stone body is resilient. (AC +4)
You are immune to poison.
You resist negative energy. (rN+)
You are resistant to electric shocks. (rElec)
You can survive without breathing.
You are immune to petrification.
You are immune to rotting.


Message History

The gnoll hits you with a +1 halberd of protection.
You hit the gnoll but do no damage.
The gnoll is severely wounded.
The gnoll barely misses you.
You closely miss the gnoll.
The gnoll is severely wounded.
The gnoll closely misses you. The gnoll barely misses you.
You hit the gnoll but do no damage.
The gnoll is severely wounded.
The gnoll hits you with a +1 halberd of protection!
Ouch! That really hurt!
* * * LOW HITPOINT WARNING * * *
You hit the gnoll but do no damage.
The gnoll is severely wounded.
The gnoll hits you but does no damage.
Casting: Foxfire (safe; 3% risk of failure)
Confirm with . or Enter, or press ? or * to list all spells.
You conjure some foxfire!
The gnoll hits you with a +1 halberd of protection!
You die...

#########.####...#
....<............#############
.....##+#+###....#..(........#
...........#.....'...........#
...........#.#÷###........[..#
...........#.#..##...........#
.....#######.#...'...........#
.....# #.##..#...........#
.....# #+###.#...........#
...>.#####....##..############
.........'....+.@v>########
##########....#.gv.........
############.#..########
#............#..#
#............#..#
####............##.#
...######...###.##.# ...#
#...# #.##.## ...# #...#
#.##..## ...######...#
#......# ............#
####...#


You could see a gnoll.

Vanquished Creatures
  3 gnolls (D:2)
  4 adders (D:2)
  2 oozes (D:1)
  2 worms (D:2)
  2 dart slugs
  2 leopard geckos
  3 giant cockroaches (D:1)
  5 goblins
  8 hobgoblins
  3 jackals (D:1)
  A ball python (D:1)
  2 bats
  4 frilled lizards
  2 kobolds (D:1)
  5 rats
  A toadstool (D:1)
49 creatures vanquished.

Vanquished Creatures (others)
  A bat (D:1)
  189 foxfires
  3 toadstools (D:1)
193 creatures vanquished.

Grand Total: 242 creatures vanquished

Notes
Turn   | Place    | Note
-------+----------+-------------------------------------------
     0 | D:1      | om the Gargoyle Fire Elementalist began the quest for the
                  | Orb.
     0 | D:1      | Reached XP level 1. HP: 10/10 MP: 3/3
   414 | D:1      | Reached XP level 2. HP: 14/15 MP: 0/5
   967 | D:1      | Reached XP level 3. HP: 19/19 MP: 3/6
  2071 | D:2      | Reached skill level 4 in Fire Magic
  2071 | D:2      | Reached XP level 4. HP: 24/24 MP: 2/7
  2487 | D:2      | Found a sacrificial altar of Ru.
  2615 | D:2      | Found a glowing golden altar of the Shining One.
  3204 | D:2      | Reached XP level 5. HP: 28/28 MP: 4/8
  3235 | D:2      | Slain by a gnoll

Illustrated notes

Levels and vault maps discovered:
D:1:      ldierk_water_garden, layout_basic, lemuel_old_faithful
D:2:      layout_basic, lemuel_round_altar, nicolae_ru_path_of_blood

Skill      XL: |  1  2  3 |
---------------+----------+-----
Conjurations   | 2 3 |  3.7
Fire Magic     | 4 |  4.5
Dodging        | |  1.5
Stealth        | |  2.1
Spellcasting   | |  2.0

Action                   |  1- 3 |  4- 6 || total
-------------------------+-------+-------++-------
Melee: Unarmed           |     5 |       ||     5
       Club              |     3 |     6 ||     9
 Cast: Foxfire           |    60 |    51 ||   111
Armor: Robe              |     4 |     5 ||     9
Dodge: Dodged            |     7 |    12 ||    19

Table legend: (Time is in decaauts)
 A = Elapsed time spent in this place.
 B = Non-inter-level travel time spent in this place.
 C = Inter-level travel time spent in this place.
 D = Time resting spent in this place.
 E = Time spent auto-exploring this place.
 F = Levels seen in this place.
 G = Mean time per level.
                   A        B        C        D        E       F      G
               +--------+--------+--------+--------+--------+-----+--------+
         Total |   3238 |   3220 |     18 |   1634 |   1039 |   2 | 1619.0 |
       Dungeon |   3238 |   3220 |     18 |   1634 |   1039 |   2 | 1619.0 |
               +--------+--------+--------+--------+--------+-----+--------+

Top non-repeatable levels by time:
     D:1: 1924 daAuts
     D:2: 1313 daAuts
